 Dungeon Crawl Stone Soup version 0.19.4-9-g45fd643 (console) character file.

62 Grinner the Twirler (level 3, 0/30 HPs)
             Began as a Minotaur Gladiator on Feb 21, 2017.
             Slain by Yinadele's ghost (2 damage)
             ... on level 3 of the Dungeon.
             The game lasted 00:03:03 (1529 turns).

Grinner the Twirler (Minotaur Gladiator)            Turns: 1529, Time: 00:03:04

Health: 0/30       AC:  3    Str: 19    XL:     3   Next: 85%
Magic:  2/2        EV: 19    Int:  7    God:
Gold:   116        SH:  0    Dex: 16    Spells: 0 memorised, 2 levels left

rFire  . . .     SeeInvis .     a - +0 quarterstaff
rCold  . . .     Gourm    .     b - +0 leather armour
rNeg   . . .     Faith    .     (shield currently unavailable)
rPois  .         Spirit   .     c - +0 hat
rElec  .         Reflect  .     (no cloak)
rCorr  .         Harm     .     (no gloves)
MR     .....                    (no boots)
Stlth  ++........               (no amulet)
                                (no ring)
                                (no ring)

@: confused, agile
A: retaliatory headbutt, horns 2, clever 1
a: no special abilities


You were on level 3 of the Dungeon.
You were hungry.

You visited 1 branch of the dungeon, and saw 3 of its levels.

You collected 116 gold pieces.

Inventory:

Hand Weapons
 a - a +0 quarterstaff (weapon)
Missiles
 d - 3 throwing nets (quivered)
Armour
 b - a +0 leather armour (worn)
 c - a +0 hat (worn)
 m - a +0 buckler
Scrolls
 g - 3 scrolls of remove curse {unknown}
 j - a scroll of enchant armour {unknown}
 l - 2 scrolls of recharging {unknown}
 n - a scroll of random uselessness {unknown}
 p - 2 scrolls of amnesia {unknown}
 q - a scroll of magic mapping {unknown}
Comestibles
 f - 3 bread rations
 h - 2 meat rations


   Skills:
 - Level 2.4 Fighting
 * Level 5.2 Staves
 - Level 2.0 Throwing
 + Level 4.0 Dodging


You had 2 spell levels left.
You didn't know any spells.

Dungeon Overview and Level Annotations

Branches:
Dungeon (3/15)

Altars:
Fedhas
Gozag
Sif Muna

Annotations:
D:3 Yinadele's ghost, amateur SpEn


Innate Abilities, Weirdness & Mutations

You reflexively headbutt those who attack you in melee.
You have a pair of horns on your head.
Your mind is acute. (Int +2)


Message History

Yinadele's ghost casts a spell at you.
You are more confused.
You're too confused!
Yinadele's ghost gestures at you while chanting.
You resist with significant effort. Yinadele's ghost hits you.
* * * LOW HITPOINT WARNING * * *
You're too confused to move!
Yinadele's ghost hits you.
* * * LOW HITPOINT WARNING * * *
Yinadele's ghost hits you.
* * * LOW HITPOINT WARNING * * *
You're too confused to move!
Yinadele's ghost laughs crazily.
Yinadele's ghost casts a spell at you. You resist with significant effort.
You bump into the stone wall.
Yinadele's ghost misses you.
You miss Yinadele's ghost. Your headbutt misses Yinadele's ghost.
Yinadele's ghost is moderately damaged.
Yinadele's ghost hits you.
You die... #####.##.#####.# #.##.......## .#PPPP

#.########..#
.P.... #.# #.##
P..≈≈≈ ..# #.#
♣..≈≈≈≈ ###
##.## ..≈≈≈≈≈
##...# .≈≈≈≈≈≈
#....###.≈≈≈≈..
#...@W...≈≈≈≈._
#.######.≈≈≈≈..
#. .≈≈≈≈≈≈ ..
..≈≈≈≈≈ ##.
P..≈≈≈≈ P#..≈≈≈
#P.....


PPPP#P You could see Yinadele's ghost.

Vanquished Creatures
  An adder (D:2)
  An ooze (D:1)
  A dart slug (D:2)
  3 leopard geckos
  A ball python (D:1)
  A giant cockroach (D:2)
  5 goblins
  5 hobgoblins
  3 jackals (D:2)
  7 kobolds
  6 bats
  2 frilled lizards
  5 rats
41 creatures vanquished.

Notes
Turn   | Place    | Note
-------+----------+-------------------------------------------
     0 | D:1      | Grinner the Minotaur Gladiator began the quest for the Orb.
     0 | D:1      | Reached XP level 1. HP: 18/18 MP: 0/0
   230 | D:1      | Reached skill level 4 in Staves
   261 | D:1      | Reached XP level 2. HP: 25/25 MP: 1/1
   736 | D:2      | Reached XP level 3. HP: 30/30 MP: 2/2
   886 | D:2      | Found a deep blue altar of Sif Muna.
   886 | D:2      | Found an opulent altar of Gozag.
  1088 | D:2      | Reached skill level 5 in Staves
  1477 | D:3      | Found a blossoming altar of Fedhas.
  1477 | D:3      | Noticed Yinadele's ghost (amateur SpEn)
  1479 | D:3      | Gained mutation: Your mind is acute. (Int +2) [potion of beneficial mutation]
  1529 | D:3      | Slain by Yinadele's ghost

Skill      XL: |  1  2  3 |
---------------+----------+-----
Staves         | 4 5 |  5.2
Dodging        | 4 |  4.0
Fighting       | |  2.4
Throwing       | |  2.0

Action                   || total
-------------------------++-------
Melee: Quarterstaff      ||    83
       Headbutt          ||    11
  Use: Potion            ||     4
  Eat: Chunk             ||     1
Armor: Leather armour    ||    14
Dodge: Dodged            ||    56
